 Dungeon Crawl Stone Soup version 0.32-a0-468-g38b2580 (webtiles) character file.

Game seed: 14686159643362777945

238 sdynet the Trooper (level 5, -1/46 HPs)
             Began as a Demonspawn Monk on Feb 24, 2024.
             Slain by an ogre
             ... wielding a +0 giant club
              (28 damage)
             ... on level 4 of the Dungeon.
             The game lasted 00:11:09 (3117 turns).

sdynet the Trooper (Demonspawn Monk)                Turns: 3117, Time: 00:11:10

Health: -1/46      AC:  7    Str: 14    XL:     5   Next: 78%
Magic:  5/5        EV: 11    Int: 10    God:
Gold:   195        SH:  0    Dex: 15    Spells: 4/4 levels left

rFire   . .          .
                       - Unarmed
rCold   . . .        c - orb {light}
rNeg    . . .        g - +0 ring mail
rPois   .            (no helmet)
rElec   .            (no cloak)
rCorr   .            (no gloves)
SInv    .            (no boots)
Will    .....        (no amulet)
Stlth   +            (no ring)
HPRegen 0.27/turn    (no ring)
MPRegen 0.09/turn

%: no passive effects
@: glowing
A: thin metallic scales 1, demonic guardian 1, weakness stinger 1
a: no special abilities


You were on level 4 of the Dungeon.
You visited 1 branch of the dungeon, and saw 4 of its levels.

You collected 195 gold pieces.

Inventory:

Missiles
 m - 2 javelins
 Z - 3 poisoned darts (quivered)
Armour
 a - a +0 robe
 c - an orb of light (worn)
 g - a +0 ring mail (worn)
Jewellery
 o - a ring of ice
Scrolls
 e - 3 scrolls of teleportation {!r}
 i - 2 scrolls of enchant armour
 l - a scroll of enchant weapon {unknown}
 n - a scroll of fog {unknown}
 p - a scroll of immolation {unknown}
Potions
 b - a potion of ambrosia {!q}
 d - a potion of brilliance {!q}
 f - a potion of enlightenment {!q!q}
 h - a potion of degeneration {unknown}
 j - a potion of might {!q}
 k - a potion of heal wounds {!q}


   Skills:
 - Level 6.0 Fighting
 - Level 1.0 Throwing
 - Level 3.0 Dodging
 + Level 3.2 Unarmed Combat


You had 4 spell levels left.
You didn't know any spells.
Your spell library contained the following spells:

 Spells                   Type           Power      Damage    Failure   Level
 Kiss of Death            Conj/Necr      0%         2d5       61%         1
 Lesser Beckoning         Tloc           0%         N/A       75%         2
 Sublimation of Blood     Necr           0%         N/A       75%         2
 Confusing Touch          Hex            0%         N/A       93%         3
 Dazzling Flash           Conj/Hex       0%         N/A       93%         3
 Gell's Gravitas          Tloc           0%         N/A       93%         3
 Mephitic Cloud           Conj/Alch/Air  0%         N/A       93%         3
 Teleport Other           Tloc           0%         N/A       93%         3
 Dispel Undead            Necr           0%         3d6       100%        4
 Petrify                  Alch/Erth      0%         N/A       100%        4
 Curse of Agony           Necr           0%         N/A       100%        5
 Irradiate                Conj/Alch      0%         3d11      100%        5
 Silence                  Hex/Air        0%         N/A       100%        5


Dungeon Overview and Level Annotations

Branches:
Dungeon (4/15)
 Temple: D:4-7

Altars:
Nemelex Xobeh

Annotations:
D:3 4 runed translucent doors, Crazy Yiuf; Dega's ghost, amateur OpFi


Innate Abilities, Weirdness & Mutations

You are partially covered in thin metallic scales. (AC +2)
A weak demonic guardian rushes to your aid.
You have a small tail.


Message History

Found a ring mail.
Okay, then.
Found a square garnet amulet.
The ogre shouts!
Throw: 8 darts (poison)
Press: ? - help, Q - select action, (/) - cycle Shift-Dir - straight line, f - ogre
Aim: an ogre, wielding a +0 giant club (74% to hit)
You throw a poisoned dart. The poisoned dart hits the ogre.
Throw: 7 darts (poison)
Press: ? - help, Q - select action, (/) - cycle Shift-Dir - straight line, f/p - ogre
Aim: an ogre, wielding a +0 giant club (74% to hit)
You throw a poisoned dart. The poisoned dart hits the ogre.
The ogre is poisoned.
Throw: 6 darts (poison)
Press: ? - help, Q - select action, (/) - cycle Shift-Dir - straight line, f/p - ogre
Aim: an ogre, wielding a +0 giant club (poisoned, 74% to hit)
You throw a poisoned dart.
The poisoned dart barely misses the ogre.
Throw: 5 darts (poison)
Press: ? - help, Q - select action, (/) - cycle Shift-Dir - straight line, f/p - ogre
Aim: an ogre, wielding a +0 giant club (poisoned, haloed, 93% to hit)
You throw a poisoned dart. The poisoned dart hits the ogre.
The ogre looks even sicker.
Throw: 4 darts (poison)
Press: ? - help, Q - select action, (/) - cycle Shift-Dir - straight line, f/p - ogre
Aim: an ogre, wielding a +0 giant club (very poisoned, haloed, 93% to hit)
You throw a poisoned dart. The poisoned dart hits the ogre.
The ogre looks even sicker.
Okay, then.
Okay, then.
You hit the ogre.
The ogre is lightly wounded.
The ogre hits you with a +0 giant club!!
You hit the ogre.
The ogre is moderately wounded.
You hit the ogre but do no damage. You tail-slap the ogre.
The ogre is heavily wounded.
The ogre hits you with a +0 giant club!!
Ouch! That really hurt!
You die...

########...## #.......#
##########.# # ### .#.#.....#
#####.....(....##....##.#.......#
..........:(....................#
....#..........(>####...........#
.............(.#.# #........#+###
....##########(#.###........# ###
....# #.....O.#..........# #..
....# #......@....#......# #.#
....# #......##.#.......# #.#
....# #......##.#.#....... #.#
....# #....". #.#.######## #.#
....# #...... #.#.# #.# ....#
#.[.... #.#.# #.# ##### #......
#.#.##########.# #######
####...........# #####
#############


You could see an ogre (very poisoned).

Vanquished Creatures
  An iguana (D:4)
  2 orc wizards (D:3)
  3 gnolls (D:4)
  An adder (D:2)
  A ribbon worm (D:3)
  11 dart slugs
  6 orcs
  4 ball pythons
  6 endoplasms
  A giant cockroach (D:1)
  2 goblins
  5 hobgoblins
  4 quokkas
  6 bats
  2 frilled lizards
  4 kobolds
  3 rats
62 creatures vanquished.

Vanquished Creatures (collateral kills)
  A bombardier beetle (D:2)
  A goblin (D:2)
2 creatures vanquished.

Grand Total: 64 creatures vanquished

Notes
Turn   | Place    | Note
-------+----------+-------------------------------------------
     0 | D:1      | sdynet the Demonspawn Monk began the quest for the Orb.
     0 | D:1      | Reached XP level 1. HP: 18/18 MP: 1/1
   139 | D:1      | Gained mutation: You have a small tail. [demonic ancestry]
   139 | D:1      | Reached XP level 2. HP: 23/24 MP: 2/2
   713 | D:2      | Reached skill level 4 in Fighting
   770 | D:2      | Gained mutation: A weak demonic guardian rushes to your
                  | aid. [demonic ancestry]
   770 | D:2      | Reached XP level 3. HP: 25/31 MP: 3/3
   924 | D:2      | Reached skill level 5 in Fighting
   924 | D:2      | Reached XP level 4. HP: 35/39 MP: 4/4
  1026 | D:2      | Found a faded altar of an unknown god.
  1421 | D:3      | Found a sparkling altar of Nemelex Xobeh.
  1731 | D:3      | Reached skill level 1 in Throwing
  1889 | D:3      | Found a runed translucent gate.
  1889 | D:3      | Found a runed translucent gate.
  1892 | D:3      | Found a runed translucent gate.
  1892 | D:3      | Noticed a steam dragon
  1893 | D:3      | Noticed Dega's ghost (amateur OpFi)
  1934 | D:3      | Gained mutation: You are partially covered in thin metallic
                  | scales. (AC +2) [demonic ancestry]
  1934 | D:3      | Reached XP level 5. HP: 46/46 MP: 5/5
  1980 | D:3      | Found a runed translucent door.
  1981 | D:3      | Noticed Crazy Yiuf
  2565 | D:4      | Reached skill level 6 in Fighting
  2654 | D:4      | Noticed an ogre
  3117 | D:4      | Slain by an ogre

Illustrated notes

Levels and vault maps discovered:
D:1:      noname_arrival_rooms_in_the_neighbourhood, layout_rooms
D:2:      layout_loops_ring, chequers_ecumenical_altar_twisty,
          nicolae_twisty_statue_hallways
D:3:      layout_basic, nemelex_xobeh_ov_fountains_minmay,
          gammafunk_ghost_split, guppyfry_early_lair_pool,
          uniq_crazy_yiuf_cottage
D:4:      kennysheep_slugbush, layout_basic, lemuel_zombie_altar_yredelemnul,
          trog_book

Skill      XL: |  1  2  3  4  5 |
---------------+----------------+-----
Fighting       | 4 5 6 |  6.0
Throwing       | 1 |  1.0
Dodging        | 3 |  3.0
Unarmed Combat | 3 |  3.2

Action                     |  1- 3 |  4- 6 || total
---------------------------+-------+-------++-------
  Melee: Unarmed           |    82 |   135 ||   217
         Tailslap          |    11 |    20 ||    31
  Throw: Dart              |       |    17 ||    17
    Use: Scroll            |       |     5 ||     5
         Potion            |       |     1 ||     1
   Stab: Distracted        |       |     1 ||     1
 Armour: Robe              |    32 |       ||    32
         Ring mail         |    26 |    82 ||   108
  Dodge: Dodged            |    46 |    69 ||   115

Table legend: (Time is in decaauts)
 A = Elapsed time spent in this place.
 B = Non-inter-level travel time spent in this place.
 C = Inter-level travel time spent in this place.
 D = Time resting spent in this place.
 E = Time spent auto-exploring this place.
 F = Levels seen in this place.
 G = Mean time per level.
                   A        B        C        D        E       F      G
               +--------+--------+--------+--------+--------+-----+--------+
         Total |   3121 |   2862 |    259 |      9 |   2025 |   4 |  780.2 |
       Dungeon |   3121 |   2862 |    259 |      9 |   2025 |   4 |  780.2 |
               +--------+--------+--------+--------+--------+-----+--------+

Top non-repeatable levels by time:
     D:3: 973 daAuts
     D:4: 798 daAuts
     D:2: 696 daAuts
     D:1: 652 daAuts
